AoeStats
← GdN_ZzZzZzZz

Pilgrims

509472204Analyzed
4v4 RM · 6d ago on Sep 26, 2026· 41m 31s· 8 players
Game mode
Random Map
Map size
Large (8 player)
Population
200
Speed
Normal
Resources
Standard
Victory
Conquest
Starting age
Dark Age
Ending age
Imperial Age
RankedLock teamsTeams togetherTeam positionsShared explorationLock speedFull tech treeHidden civsTurbo modeCheats
Victory
Defeat
🇲🇪 Saracens · Montenegro
1280
+17
🇲🇪 Maya · Montenegro
1273
+17
🇲🇪 Danes · Montenegro
1243
+19
🇲🇪 Georgians · Montenegro
1230
+19
🇲🇽 Celts · Mexico
1617
-29
🇦🇷 Persians · Argentina
1471
-25
🇦🇷 Saxons · Argentina
1113
-11
🇨🇱 Inca · Chile
1001
-7
[SotC] Spirit
2:58 Loom
10:54 Feudal Age
11:25 Double-Bit Axe
13:09 Fletching
16:18 Fishing Lines
19:39 Horse Collar
23:36 Castle Age
21:54 Gold Mining
24:51 Scale Mail Armor
25:01 Forging
29:10 Bow Saw
30:19 Heavy Plow
34:01 Stronghold
38:12 Wheelbarrow
42:55 Imperial Age
41:55 Gold Shaft Mining
41:11 Stone Mining
Gergis Khan
8:29 Loom
10:37 Feudal Age
11:28 Double-Bit Axe
12:49 Wheelbarrow
18:41 Castle Age
17:55 Fletching
20:03 Bow Saw
22:20 Town Watch
22:51 Hand Cart
25:19 Gambesons
25:34 Squires
26:23 Squires
26:08 Arson
28:51 Scale Mail Armor
29:02 Forging
30:18 Pikeman
31:09 Gold Mining
34:10 Fishing Lines
36:21 Chain Mail Armor
36:41 Iron Casting
36:41 Medium Warships
37:16 Gold Shaft Mining
38:21 Gillnets
43:40 Imperial Age
41:43 Bodkin Arrow
GdN_ZzZzZzZz
7:02 Loom
11:13 Feudal Age
12:02 Double-Bit Axe
17:45 Horse Collar
18:03 Champi Runner
19:22 Wheelbarrow
19:00 Gold Mining
21:45 Castle Age
22:58 Bow Saw
22:49 Heavy Plow
23:25 Gold Shaft Mining
22:32 Champi Warrior
23:59 Pikeman
24:47 Scale Mail Armor
26:03 Padded Archer Armor
26:12 Town Watch
31:28 Chain Mail Armor
32:11 Forging
35:32 Iron Casting
35:20 Fletching
36:52 Andean Sling
39:57 Ballistics
39:33 Murder Holes
39:38 Bodkin Arrow
40:41 Hand Cart
40:27 Town Patrol
41:23 Stone Mining
Destruidora de Sueño
5:33 Loom
11:43 Feudal Age
18:39 Wheelbarrow
17:51 Horse Collar
20:58 Forging
21:01 Bloodlines
23:49 Castle Age
22:33 Double-Bit Axe
23:44 Scale Barding Armor
25:25 Husbandry
28:35 Fishing Lines
31:22 Chain Barding Armor
37:49 Iron Casting
37:33 Bow Saw
37:33 Gillnets
38:31 Hand Cart
40:08 Fletching
43:46 Imperial Age
Emp
8:32 Loom
10:39 Feudal Age
11:36 Fishing Lines
15:00 Castle Age
14:06 Fletching
14:56 Double-Bit Axe
15:06 Gold Mining
15:52 Medium Warships
16:42 Town Watch
17:57 Bodkin Arrow
20:24 Gillnets
24:16 Ballistics
28:10 Horse Collar
28:46 Bow Saw
31:46 Wheelbarrow
34:30 Imperial Age
34:02 Hand Cart
34:41 Elite Longship
36:01 Stone Mining
36:37 Bracer
38:02 Chemistry
37:55 Conscription
39:51 Northmen's Fury
Bager
7:38 Loom
11:39 Feudal Age
15:32 Castle Age
13:31 Gold Mining
14:04 Double-Bit Axe
14:09 Fishing Lines
16:08 Scale Barding Armor
16:13 Forging
17:14 Chain Barding Armor
17:52 Bloodlines
19:08 Gillnets
19:59 Husbandry
25:27 Iron Casting
33:23 Stone Mining
36:15 Imperial Age
35:50 Horse Collar
36:51 Wheelbarrow
36:29 Bow Saw
36:19 Elite Monaspa
37:20 Conscription
38:10 Plate Barding Armor
38:37 Blast Furnace
37:08 Cavalier
41:15 Heavy Plow
Mićaš
10:26 Loom
12:28 Feudal Age
14:06 Fishing Lines
20:04 Castle Age
21:05 Pikeman
22:01 Scale Mail Armor
22:15 Gillnets
23:23 Arson
25:03 Eagle Warrior
26:52 Man-at-Arms
30:46 Horse Collar
38:24 Wheelbarrow
40:40 Imperial Age
39:05 Crossbowman
39:51 Thumb Ring
40:14 Hand Cart
39:49 Elite Skirmisher
40:46 Fletching
40:57 Padded Archer Armor
41:39 Bodkin Arrow
Djokara
12:15 Feudal Age
17:53 Castle Age
16:07 Loom
19:38 Fletching
22:13 Horse Collar
27:02 Forging
28:50 Scale Barding Armor
30:45 Gold Mining
33:02 Chain Barding Armor
34:07 Iron Casting
40:04 Imperial Age
40:16 Elite Mameluke
41:34 Plate Barding Armor
42:00 Blast Furnace
Connection lost

Rejoining the realm…

Still unreachable

The connection could not be restored.

Session expired

The server has moved on; the page needs a fresh start.